 Dungeon Crawl Stone Soup version 0.24-a0-378-g94936e539c (webtiles) character file.

Game seed: 15742027829397276318

1414 theanonym the Thaumaturge (level 8, 0/52 HPs)
             Began as a Mummy Necromancer on June 1, 2019.
             Slain by an orc
             ... wielding a +0 trident
              (9 damage)
             ... on level 5 of the Dungeon.
             The game lasted 00:16:37 (8013 turns).

theanonym the Thaumaturge (Mummy Necromancer)       Turns: 8013, Time: 00:16:38

Health: 0/52       AC:  7    Str: 12    XL:     8   Next: 43%
Magic:  20/20      EV: 12    Int: 16    God:
Gold:   342        SH:  0    Dex: 14    Spells: 14/23 levels left

rFire    . . .     SeeInvis .   a - +1 dagger (venom)
rCold    + + .     Gourm    .   (no shield)
rNeg     + + +     Faith    .   g - +2 leather armour {rF+}
rPois    ∞         Spirit   .   c - +0 helmet
rElec    .         Reflect  .   (no cloak)
rCorr    .         Harm     .   (no gloves)
MR       +....                  d - +0 pair of boots
Stlth    ++........             (no amulet)
HPRegen  0.17/turn              k - +2 ring of dexterity
MPRegen  0.17/turn              j - ring of protection from cold

@: no status effects
A: no food or potions, fire vulnerability, cold resistance 1, negative energy
resistance 3, torment resistance, unbreathing
a: no special abilities


Innate Abilities, Weirdness & Mutations

You do not eat or drink.
Your flesh is vulnerable to fire.
You are immune to poison.
Your flesh is cold resistant. (rC+)
You are immune to negative energy. (rN+++)
You are immune to unholy pain and torment.
You can survive without breathing.


   Skills:
 - Level 4.0 Armour
 - Level 1.5 Dodging
 - Level 1.5 Stealth
 + Level 8.0 Spellcasting
 + Level 7.7 Necromancy


You had 14 spell levels left.
You knew the following spells:

 Your Spells              Type           Power        Failure   Level  Hunger
a - Pain                  Necr           ####         1%          1    N/A
b - Animate Dead          Necr           N/A          6%          4    N/A
c - Vampiric Draining     Necr           ####......   1%          3    N/A
e - Animate Skeleton      Necr           N/A          1%          1    N/A

Your spell library contained the following spells:

 Spells                   Type           Power        Failure   Level  Hunger
 Regeneration             Chrm/Necr      Unusable     N/A         3    N/A

Skill      XL: |  1  2  3  4  5  6  7  8 |
---------------+-------------------------+-----
Spellcasting   | 3 4 5 6 7 8 |  8.0
Necromancy     | 5 6 7 |  7.7
Armour         | 1 2 3 4 |  4.0
Dodging        | |  1.5
Stealth        | |  1.5

Action                   |  1- 3 |  4- 6 |  7- 9 || total
-------------------------+-------+-------+-------++-------
Melee: Club              |     5 |       |       ||     5
       Flail             |       |    27 |   114 ||   141
       Dagger            |       |       |    87 ||    87
Throw: Throwing net      |     1 |       |       ||     1
 Cast: Pain              |    51 |   138 |   119 ||   308
       Animate Skeleton  |     5 |    11 |       ||    16
       Animate Dead      |       |     5 |    19 ||    24
       Vampiric Draining |       |     5 |    15 ||    20
  Use: Scroll            |     3 |     2 |     1 ||     6
 Stab: Held in net/web   |     1 |       |       ||     1
       Distracted        |       |       |     2 ||     2
       Sleeping          |       |       |     1 ||     1
Armor: Leather armour    |     1 |    27 |   127 ||   155
Dodge: Dodged            |     8 |    49 |   182 ||   239

Inventory:

Hand Weapons
 a - a +1 dagger of venom (weapon)
 b - a +1 dagger of protection
Armour
 c - a +0 helmet (worn)
 d - a +0 pair of boots (worn)
 g - a +2 leather armour of fire resistance (worn)
 h - a +2 leather armour of cold resistance
Jewellery
 i - an uncursed ring of stealth
 j - a ring of protection from cold (right hand)
 k - a +2 ring of dexterity (left hand)
Scrolls
 f - a scroll of fog
 l - a scroll of magic mapping {unknown}
 m - a scroll of random uselessness {unknown}
 o - 2 scrolls of fear
 t - a scroll of teleportation
 B - a scroll of blinking


You were on level 5 of the Dungeon.
You were not hungry.

You visited 2 branches of the dungeon, and saw 7 of its levels.

You collected 342 gold pieces.

Dungeon Overview and Level Annotations

Branches:
Dungeon (6/15)             Temple (1/1) D:4

Altars:
Ashenzari
Cheibriados
Dithmenos
Elyvilon
Hepliaklqana
Nemelex Xobeh
Qazlal
Ru
Sif Muna
Trog
Uskayaw
Vehumet
Wu Jian
Xom
Yredelemnul
Zin
The Shining One

Annotations:
D:4 exclusion: upstairs
D:6 Dowan, Duvessa

...# #.# #..................
#.## #.# #.#####.....ZZZ....
#.# #.# #.# #######..Z##. #.#
#.# #.# ##.###Z#Z #.#
#.####.##### #Z## ##.. ..#
#......#...# #.# #.. ###
#.######.[.### #.## ##.. #
#######.####gz.....####.###.#.
#
#.........##>@.......##....##.
#
#.#######.##Zo.....#.#....###.
# #.# #.####...#............
####.# #............#....###.
.[[..# #.####...#...##......Z
.>...# #.......##...####...##
###..# #.########...# #...#
#..#######.# ###...# #...#
#..........######.....####...##


You could see a wight, a gnoll, an orc and a friendly orc priest zombie.

Notes
Turn   | Place    | Note
-------+----------+-------------------------------------------
     0 | D:1      | theanonym the Mummy Necromancer began the quest for the
                  | Orb.
     0 | D:1      | Reached XP level 1. HP: 13/13 MP: 4/4
     2 | D:1      | Noticed a formicid
     2 | D:1      | Noticed a felid
     4 | D:1      | Noticed a dwarf
     4 | D:1      | Noticed a troll
     6 | D:1      | Noticed a draconian
     6 | D:1      | Noticed a tengu
     8 | D:1      | Noticed an elf
     8 | D:1      | Noticed a centaur
    10 | D:1      | Noticed a gargoyle
    12 | D:1      | Noticed a ghoul
    12 | D:1      | Noticed a vampire
    14 | D:1      | Noticed a spriggan
    14 | D:1      | Noticed a naga
    16 | D:1      | Noticed a minotaur
    16 | D:1      | Noticed an octopode
    18 | D:1      | Noticed a demigod
    18 | D:1      | Noticed a demonspawn
    20 | D:1      | Noticed a halfling
    20 | D:1      | Noticed a merfolk
    24 | D:1      | Noticed a vine stalker
    24 | D:1      | Noticed an ogre
    26 | D:1      | Noticed a human
   191 | D:1      | Reached XP level 2. HP: 19/19 MP: 2/5
   471 | D:1      | Learned a level 1 spell: Animate Skeleton
   850 | D:1      | Reached skill level 3 in Spellcasting
  1120 | D:2      | Reached XP level 3. HP: 24/24 MP: 4/7
  1278 | D:2      | HP: 12/24 [gnoll/+0 whip (8)]
  1280 | D:2      | HP: 1/24 [gnoll/+0 whip (5)]
  1301 | D:2      | Reached skill level 5 in Necromancy
  1343 | D:2      | Learned a level 3 spell: Vampiric Draining
  1596 | D:2      | Reached XP level 4. HP: 30/30 MP: 4/9
  1733 | D:2      | Reached skill level 4 in Spellcasting
  2228 | D:2      | Found a sparkling altar of Nemelex Xobeh.
  2341 | D:2      | theanonym: !lg * win urune=3 s=god
  2341 | D:2      | beem: 44961 games for * (win urune=3): 7756x Okawaru, 7688x
                  | Trog, 3566x Makhleb, 2470x Vehumet, 2155x Ashenzari, 1938x
                  | Gozag, 1749x Cheibriados, 1562x Ru, 1333x Yredelemnul,
                  | 1279x Dithmenos, 1148x Sif Muna, 1134x Lugonu, 1130x
                  | Qazlal, 1062x Kikubaaqudgha, 1030x Xom, 1010x, 1005x
                  | Nemelex Xobeh, 878x Beogh, 776x Hepliaklqana, 761x The
                  | Shining One, 645x Fedhas, 642x Elyvilon, 559x Uskayaw, 542x
                  | Zin, 440x
  2341 | D:2      | beem: Jiyva, 421x Wu Jian, 251x Pakellas, 13x Wudzu, 8x
                  | Wulndraste, 6x Igni Ipthes, 4x Iashol
  2341 | D:2      | theanonym: !lg * win urune=3 s=god mu
  2341 | D:2      | beem: 1011 games for * (win urune=3 mu): 286x Gozag, 132x
                  | Sif Muna, 108x Ashenzari, 89x Okawaru, 60x Trog, 55x
                  | Kikubaaqudgha, 50x Vehumet, 35x Xom, 28x Cheibriados, 26x
                  | Ru, 25x Yredelemnul, 22x Nemelex Xobeh, 21x Makhleb, 19x
                  | Lugonu, 16x Dithmenos, 15x Pakellas, 10x Hepliaklqana, 7x
                  | Qazlal, 3x, 2x Wu Jian, 2x Uskayaw
  2341 | D:2      | theanonym: !lg * win urune=3 s=god mune
  2341 | D:2      | beem: 82 games for * (win urune=3 mune): 26x Kikubaaqudgha,
                  | 17x Gozag, 15x Ashenzari, 10x Sif Muna, 5x Vehumet, 4x
                  | Nemelex Xobeh, Yredelemnul, Makhleb, Okawaru, Ru, Xom
  2524 | D:2      | Reached XP level 5. HP: 35/35 MP: 6/11
  3107 | D:3      | Learned a level 4 spell: Animate Dead
  3129 | D:3      | Noticed Robin
  3133 | D:3      | Killed Robin
  3329 | D:3      | Reached skill level 5 in Spellcasting
  3696 | D:3      | Reached skill level 1 in Armour
  3789 | D:4      | Noticed an ogre
  4401 | D:4      | Reached XP level 6. HP: 38/41 MP: 7/14
  4431 | D:4      | Noticed an ice beast
  4474 | D:4      | Killed an ice beast
  4474 | D:4      | Reached skill level 6 in Necromancy
  4709 | D:4      | Found an ornate altar of the Wu Jian Council.
  4730 | D:4      | Reached skill level 2 in Armour
  4872 | D:4      | Found a staircase to the Ecumenical Temple.
  4881 | Temple   | Entered the Ecumenical Temple
  4906 | Temple   | Reached skill level 6 in Spellcasting
  4906 | Temple   | Reached XP level 7. HP: 40/46 MP: 14/16
  5203 | D:4      | HP: 23/46 [ogre/+0 giant club (23)]
  5660 | D:5      | Entered Level 5 of the Dungeon
  5671 | D:5      | Found a stormy altar of Qazlal.
  5992 | D:5      | Reached skill level 3 in Armour
  6208 | D:5      | Reached skill level 7 in Spellcasting
  6208 | D:5      | Reached skill level 7 in Necromancy
  6300 | D:5      | Found a snail-covered altar of Cheibriados.
  6899 | D:6      | Noticed Duvessa
  6899 | D:6      | Noticed Dowan
  6924 | D:6      | Noticed Blork the orc
  6934 | D:6      | Killed Blork the orc
  6934 | D:6      | Reached XP level 8. HP: 50/52 MP: 9/18
  7271 | D:6      | HP: 25/52 [phantom (2)]
  7442 | D:6      | HP: 22/52 [phantom (6)]
  7448 | D:6      | HP: 18/52 [gnoll/+0 halberd (7)]
  7768 | D:5      | Reached skill level 4 in Armour
  7912 | D:5      | Reached skill level 8 in Spellcasting
  8011 | D:6      | HP: 19/52 [orc/+0 trident (9)]
  8011 | D:6      | HP: 8/52 [gnoll (4)]
  8013 | D:5      | Slain by an orc

Vanquished Creatures
  An orc warrior (D:5)
  An ice beast (D:4)
  3 ogres
  Blork the orc (D:6)
  A howler monkey (D:4)
  A crimson imp (D:5)
  A jelly (D:5)
  5 orc priests
  7 orc wizards
  A gnoll shaman (D:5)
  An iguana (D:5)
  2 worker ants
  A hound skeleton (D:6)
  A hound zombie (D:5)
  Robin (D:3)
  7 gnolls
  12 adders
  An ooze (D:1)
  An adder skeleton (D:5)
  A worm (D:4)
  3 dart slugs
  6 leopard geckos
  25 orcs
  3 bats
  3 giant cockroaches
  5 hobgoblins
  2 jackals (D:3)
  2 quokkas
  3 ball pythons
  4 frilled lizards
  13 goblins
  A jackal skeleton (D:5)
  4 kobolds
  3 leopard gecko skeletons
  A quokka skeleton (D:2)
  3 rats
131 creatures vanquished.

Vanquished Creatures (collateral kills)
  A wight (D:5)
  An adder (D:5)
  A rat (D:3)
3 creatures vanquished.

Vanquished Creatures (others)
  4 toadstools (D:4)
4 creatures vanquished.

Grand Total: 138 creatures vanquished

Table legend:
 A = Turns spent in this place as a percentage of turns spent in the entire game.
 B = Non-inter-level travel turns spent in this place as a percentage of non-inter-level travel turns spent in the entire game.
 C = Inter-level travel turns spent in this place as a percentage of turns spent in this place.
 D = Turns resting spent in this place as a percentage of non-inter-level travel turns spent in this place.
 E = Turns spent auto-exploring this place as a percentage of non-inter-level travel turns spent in this place.
 F = Non-inter-level travel turns spent in this place divided by the number of levels of this place that you've seen.
                   A       B       C       D       E      F
               +-------+-------+-------+-------+-------+----------------------
         Total | 100.0 | 100.0 |   6.9 |  43.5 |  38.6 | 1066.3
       Dungeon |  97.4 |  97.5 |   6.7 |  44.6 |  37.4 | 1213.0
        Temple |   2.6 |   2.5 |  11.4 |   0.0 |  82.8 | 186.0
               +-------+-------+-------+-------+-------+----------------------
